 Dungeon Crawl Stone Soup version 0.30.0-29-ga12c61a403 (webtiles) character file.

Game seed: 952664612647185233

477 howech the Trooper (level 6, 0/82 HPs)
             Began as a Minotaur Berserker on June 18, 2023.
             Was a Believer of Trog.
             Slain by Pikel
             ... wielding a +0 whip of electrocution
              (11 damage)
             ... on level 3 of the Dungeon.
             The game lasted 00:08:54 (2636 turns).

howech the Trooper (Minotaur Berserker)             Turns: 2636, Time: 00:08:55

Health: 0/82       AC: 13    Str: 26    XL:     6   Next: 85%
Magic:  5/5        EV:  8    Int: 10    God:    Trog [**....]
Gold:   154        SH:  5    Dex: 10    Spells: 5/5 levels left

rFire   + + .        a - +0 hand axe
rCold   . . .        (no shield)
rNeg    . . .        i - +0 plate armour
rPois   .            (helmet restricted)
rElec   .            p - +0 cloak {Stlth+}
rCorr   .            (no gloves)
SInv    .            (no boots)
Will    .....        v - amulet of reflection Stlth
                     C - ring of the Circus Animal {rF++ Str+3 Int+6 Stlth-}
HPRegen 0.33/turn    (no ring)
MPRegen 0.09/turn

%: reflection
@: berserking (expiring), very quick
A: horns 2, retaliatory headbutt
a: Renounce Religion, Berserk, Trog's Hand


You were on level 3 of the Dungeon.
You worshipped Trog.
Trog was pleased with you.
You visited 1 branch of the dungeon, and saw 4 of its levels.

You collected 154 gold pieces.

Inventory:

Hand Weapons
 a - a +0 hand axe (weapon)
 B - a +0 war axe
Missiles
 b - 6 poisoned darts (quivered)
Armour
 i - a +0 plate armour (worn)
 p - a +0 cloak of stealth (worn)
Jewellery
 m - a ring of magical power
 v - an amulet of reflection (around neck)
 C - the ring of the Circus Animal (left hand) {rF++ Str+3 Int+6 Stlth-}
   (You found it on level 4 of the Dungeon)

   [ring of intelligence]

   Str:       It affects your strength (+3).
   Int:       It affects your intelligence (+6).
   rF:        It greatly protects you from fire.
   Stlth:     It makes you less stealthy.
Wands
 t - a wand of paralysis (3)
Scrolls
 g - 3 scrolls of teleportation {unknown}
 h - a scroll of immolation {unknown}
 j - a scroll of fog {unknown}
 l - a scroll of magic mapping {unknown}
 n - a scroll of poison {unknown}
 o - a scroll of enchant armour {unknown}
 x - 3 scrolls of identify {unknown}
 y - a scroll of acquirement {unknown}
 A - a scroll of fear {unknown}
Potions
 c - a potion of lignification {unknown}
 d - a potion of magic {unknown}
 e - a potion of degeneration {unknown}
 f - 5 potions of curing {unknown}
 k - 2 potions of brilliance {unknown}
 q - a potion of heal wounds {unknown}
 r - 2 potions of haste {unknown}
 s - 2 potions of invisibility {unknown}
 u - 3 potions of attraction {unknown}
 w - a potion of mutation {unknown}
 z - a potion of flight {unknown}


   Skills:
 + Level 4.8 Fighting
 + Level 4.7 Axes
 + Level 2.2 Throwing
 + Level 4.1 Armour
 + Level 3.6 Dodging
 + Level 3.0 Shields
 + Level 2.2 Evocations


You had 5 spell levels left.
You didn't know any spells.
Your spell library was empty.

Dungeon Overview and Level Annotations

Branches:
Dungeon (4/15)             Temple (0/1) D:4

Altars:
Elyvilon

Annotations:
D:3 Pikel


Innate Abilities, Weirdness & Mutations

You have a pair of horns on your head.
You reflexively headbutt those who attack you in melee.


Message History

2 lemures come into view.
The lemure shouts!
The lemure moves out of view.
Pikel, Merchant of Souls comes into view.
He is wielding a +0 whip of electrocution and wearing a +2 robe of positive energy. 2 lemures come into view.
The lemure shouts! x2
There is a stone staircase leading up here.
Pikel waves his whip at you. Pikel hits you but does no damage.
You are electrocuted!
You climb upwards.
There is a stone staircase leading down here.
A red film seems to cover your vision as you go berserk!
You feel yourself moving faster!
You feel mighty!
Pikel hits you with a +0 whip of electrocution.
You are electrocuted!!
You hit Pikel but do no damage.
Pikel hits you with a +0 whip of electrocution.
You are electrocuted!!
* * * LOW HITPOINT WARNING * * *
You slash Pikel! You headbutt Pikel.
Pikel is moderately wounded.
Pikel closely misses you. You furiously retaliate!
You headbutt Pikel! You barely miss Pikel.
Pikel is severely wounded.
You barely miss Pikel.
Pikel is severely wounded.
Pikel hits you but does no damage.
You barely miss Pikel. Your headbutt misses Pikel.
Pikel is heavily wounded.
Pikel closely misses you.
You hit Pikel.
Pikel is severely wounded.
Pikel hits you with a +0 whip of electrocution.
* * * LOW HITPOINT WARNING * * *
You barely miss Pikel.
Pikel is severely wounded.
You barely miss Pikel.
Pikel is severely wounded.
Pikel hits you but does no damage.
You are electrocuted!
You die...

#### ...# .#.### .#...# ####.#
.#...##############
.#....)...........#
...########...>...#
#.#########.....@.##############
#.....(........K......#........#
###########.......###.#.######.#
# #...........###.#.## #.# #
#..................# #.# #
#..#####.##.##...#.### #.# #####
#................#)..# #.# ....#
######.........#####.# #.#
..P.###≈≈≈##.###.......#...# #.#


You could see Pikel.

Vanquished Creatures
  Sigmund (D:2)
  A hound (D:4)
  A sleepcap (D:4)
  Jessica (D:3)
  Ijyb (D:4)
  Natasha (thrice) (D:4)
  4 adders
  An ufetubus (D:4)
  2 worms
  2 dart slugs
  5 orcs (D:3)
  9 ball pythons
  3 bats
  6 endoplasms
  2 giant cockroaches (D:2)
  8 goblins
  6 hobgoblins
  4 jackals (D:4)
  7 kobolds
  4 quokkas
  5 frilled lizards
  2 rats
78 creatures vanquished.

Notes
Turn   | Place    | Note
-------+----------+-------------------------------------------
     0 | D:1      | howech the Minotaur Berserker began the quest for the Orb.
     0 | D:1      | Reached XP level 1. HP: 19/19 MP: 0/0
    85 | D:1      | Reached XP level 2. HP: 22/27 MP: 1/1
   497 | D:1      | Reached skill level 1 in Shields
   885 | D:2      | Reached ** piety under Trog
   886 | D:2      | Reached XP level 3. HP: 33/33 MP: 2/2
   963 | D:2      | Reached skill level 1 in Evocations
   981 | D:2      | Reached skill level 1 in Throwing
  1270 | D:2      | Noticed Sigmund
  1282 | D:2      | Killed Sigmund
  1283 | D:2      | Reached XP level 4. HP: 41/41 MP: 3/3
  1283 | D:2      | Reached XP level 5. HP: 47/47 MP: 4/4
  1539 | D:3      | You fall into a shaft and drop 1 floor!
  1605 | D:4      | Reached XP level 6. HP: 50/53 MP: 5/5
  1653 | D:4      | Noticed Natasha
  1662 | D:4      | Noticed Ijyb
  1665 | D:4      | Killed Natasha
  1674 | D:4      | Killed Ijyb
  1747 | D:3      | Noticed Jessica
  1752 | D:3      | Killed Jessica
  2230 | D:3      | Found a white marble altar of Elyvilon.
  2345 | D:4      | Identified the ring of the Circus Animal {rF++ Str+3 Int+6
                  | Stlth-}
  2372 | D:4      | Noticed Natasha
  2384 | D:4      | Killed Natasha
  2441 | D:4      | Found a staircase to the Ecumenical Temple.
  2589 | D:4      | Noticed Natasha
  2594 | D:4      | Killed Natasha
  2611 | D:4      | Noticed Pikel
  2636 | D:3      | Slain by Pikel

Illustrated notes

Levels and vault maps discovered:
D:1:      roderic_crossed_star, layout_basic
D:2:      layout_basic, minmay_pentomino_w4, uniq_sigmund
D:3:      layout_loops_ring, nicolae_elyvilon_temple_path, uniq_jessica
D:4:      layout_cave_pools, temple_doors_ab, uniq_natasha, uniq_ijyb,
          uniq_pikel

Skill      XL: |  1  2  3  4  5  6 |
---------------+-------------------+-----
Shields        | 1 2 3 |  3.0
Evocations     | 1 2 |  2.2
Throwing       | 1 2 |  2.2
Armour         | 3 4 |  4.1
Axes           | 4 |  4.7
Fighting       | 4 |  4.8
Dodging        | 3 |  3.6

Action                     |  1- 3 |  4- 6 || total
---------------------------+-------+-------++-------
  Melee: Hand axe          |    77 |   103 ||   180
         Headbutt          |    17 |    14 ||    31
         Punch             |       |     1 ||     1
 Invoke: Trog's Hand       |     1 |     3 ||     4
         Berserk           |     1 |     2 ||     3
 Armour: Animal skin       |     1 |       ||     1
         Chain mail        |     7 |       ||     7
         Plate armour      |    23 |    63 ||    86
  Dodge: Dodged            |    32 |    36 ||    68
  Block: Other             |       |     7 ||     7
